 Dungeon Crawl Stone Soup version 0.26-a0-665-gefeb406119 (webtiles) character file.

Game seed: 2675832727490779309

98913 grandjackal the Champion of Chaos (level 15, -3/144 HPs)
             Began as a Deep Dwarf Necromancer on Oct 15, 2020.
             Was the Champion of Makhleb.
             Slain by a salamander
             ... wielding a +0 trident
              (11 damage)
             ... on level 1 of the Snake Pit.
             The game lasted 00:58:48 (26932 turns).

grandjackal the Champion of Chaos (DDNe)           Turns: 26932, Time: 00:58:49

Health: -3/144     AC: 22    Str: 17    XL:     15   Next: 76%
Magic:  14/24      EV:  5    Int: 15    God:    Makhleb [******]
Gold:   1353       SH: 13    Dex: 13    Spells: 5/18 levels left

rFire    + . .     SeeInvis +   g - +8 broad axe (elec)
rCold    + + +     Faith    .   v - +0 kite shield
rNeg     + . .     Spirit   .   H - +1 chain mail {rC+}
rPois    .         Reflect  .   T - +2 helmet of a Billion Continents {+Fly rC+ Str-2 Stlth+}
rElec    .         Harm     .   U - +0 cloak
rCorr    .         Rampage  +   K - +2 pair of gloves
MR       +++..                  V - +2 pair of boots {rampage}
Stlth    +.........             C - amulet of magic regeneration
HPRegen  0.00/turn              N - ring "New Giuf" {rC+ MR+ SInv Stlth+}
MPRegen  0.44/turn              e - ring of protection from fire

@: non-regenerating, constricted
A: damage resistance, heal wounds, negative energy resistance 1, sense
surroundings 2, no regeneration
a: Heal Wounds, Minor Destruction, Lesser Servant of Makhleb, Major Destruction,
Greater Servant of Makhleb, Renounce Religion, Evoke Flight


You were on level 1 of the Snake Pit.
You worshipped Makhleb.
Makhleb was exalted by your worship.
You visited 5 branches of the dungeon, and saw 25 of its levels.

You collected 2509 gold pieces.
You spent 1156 gold pieces at shops.

Inventory:

Hand Weapons
 g - a +8 broad axe of electrocution (weapon)
 t - the +9 lance "Wyrmbane" {slay drac, rPois rF+ rC+ AC+3}
   (You took it off Maggie on level 7 of the Dungeon)

   It affects your AC (+3).
   It protects you from fire.
   It protects you from cold.
   It protects you from poison.
Armour
 n - a scarf of harm
 v - a +0 kite shield (worn)
 H - a +1 chain mail of cold resistance (worn)
 I - a +0 tower shield
 K - a +2 pair of gloves (worn)
 R - a +2 chain mail of magic resistance
 S - a +3 plate armour of fire resistance
 T - the +2 helmet of a Billion Continents (worn) {+Fly rC+ Str-2 Stlth+}
   (You bought it in a shop on level 2 of the Orcish Mines)

   It affects your strength (-2).
   It protects you from cold.
   It lets you fly.
   It makes you more stealthy.
 U - a +0 cloak (worn)
 V - a +2 pair of boots of rampaging (worn)
Jewellery
 c - an uncursed ring of resist corrosion
 e - a ring of protection from fire (right hand)
 w - the ring "Kirphit" {Fire Int+3 Stlth+}
   (You found it on level 6 of the Lair of Beasts)

   [ring of fire]

   It enhances your fire magic.
   It affects your intelligence (+3).
   It protects you from fire.
   It makes you vulnerable to cold.
   It makes you more stealthy.
 C - an amulet of magic regeneration (around neck)
 N - the ring "New Giuf" (left hand) {rC+ MR+ SInv Stlth+}
   (You acquired it on level 3 of the Lair of Beasts)

   [ring of see invisible]

   It protects you from cold.
   It affects your resistance to hostile enchantments.
   It lets you see invisible.
   It makes you more stealthy.
Wands
 m - a wand of iceblast (2)
 p - a wand of acid (13)
 y - a wand of digging (6)
 A - a wand of flame (11)
 J - a wand of polymorph (10)
 Q - a wand of paralysis (8)
 Z - a wand of random effects (20)
Scrolls
 b - 5 scrolls of teleportation
 f - 5 scrolls of fog
 h - a scroll of fear
 k - 4 scrolls of magic mapping
 l - 3 scrolls of enchant armour
 q - a scroll of vulnerability
 s - 15 scrolls of remove curse
 u - 7 scrolls of blinking
 x - 2 scrolls of silence
 G - 3 scrolls of immolation
 P - 5 scrolls of identify
 W - a scroll of brand weapon
Potions
 a - 4 potions of cancellation
 d - 5 potions of might
 j - 7 potions of curing
 o - 5 potions of haste
 r - 4 potions of stabbing
 z - 7 potions of magic
 D - 4 potions of brilliance
 E - 2 potions of heal wounds
 F - a potion of resistance
 L - 3 potions of mutation
 M - 2 potions of flight
 Y - 4 potions of berserk rage
Miscellaneous
 i - a phial of floods
 O - a phantom mirror


   Skills:
 + Level 12.1 Fighting
 + Level 12.7 Axes
 - Level 6.2 Armour
 - Level 2.1 Dodging
 - Level 2.4 Stealth
 + Level 13.7 Shields
 - Level 2.0 Spellcasting
 + Level 14.6 Necromancy
 + Level 14.8 Invocations


You had 5 spell levels left.
You knew the following spells:

 Your Spells              Type           Power        Failure   Level
a - Pain                  Necr           ####         1%          1
b - Vampiric Draining     Necr           #####.....   2%          3
c - Animate Dead          Necr           #####.....   8%          4
d - Agony                 Necr           #####...     22%         5

Your spell library contained the following spells:

 Spells                   Type           Power        Failure   Level
 Animate Skeleton         Necr           #####.       1%          1
 Foxfire                  Conj/Fire      #...         97%         1
 Sting                    Tmut/Pois      #...         97%         1
 Poisonous Vapours        Pois/Air       #.....       99%         2
 Borgnjor's Vile Clutch   Necr/Erth      ###.......   99%         5
 Confusing Touch          Hex            #.......     100%        3
 Gell's Gravitas          Tloc           #.........   100%        3
 Ignite Poison            Fire/Tmut/Pois #.......     100%        3
 Mephitic Cloud           Conj/Pois/Air  #.......     100%        3
 Olgreb's Toxic Radiance  Pois           #.......     100%        4
 Petrify                  Tmut/Erth      #.......     100%        4
 Summon Lightning Spire   Summ/Air       #.......     100%        4
 Fireball                 Conj/Fire      #.........   100%        5
 Metabolic Englaciation   Hex/Ice        #.........   100%        5
 Silence                  Hex/Air        #.........   100%        5
 Yara's Violent Unravell  Hex/Tmut       #.........   100%        5
 Conjure Ball Lightning   Conj/Air       #.........   100%        6
 Ignition                 Fire           #.........   100%        8
 Tornado                  Air            #.........   100%        9


Dungeon Overview and Level Annotations

Branches:
Dungeon (15/15)            Temple (1/1) D:6            Lair (6/6) D:11
  Swamp (0/4) Lair:3        Snake (1/4) Lair:4        Slime (0/5) Lair:6
    Orc (2/2) D:10            Elf (0/3) Orc:2        Vaults (0/5) D:13
 Depths (0/5) D:15

Altars:
Ashenzari
Cheibriados
Dithmenos
Elyvilon
Fedhas
Hepliaklqana
Kikubaaqudgha
Makhleb
Nemelex Xobeh
Okawaru
Qazlal
Trog
Uskayaw
Vehumet
Wu Jian
Yredelemnul
The Shining One
Beogh

Shops:
D:8 (   D:11 [   D:14 :   Orc:1 (   Orc:2 [(*?(

Annotations:
D:3 3 runed translucent doors, bronco's ghost, amateur BaHu
D:6 1 runed translucent door, sahdkjhfkaj's ghost, weakling SpEn
D:7 3 runed translucent doors, GoodGuyCap's ghost, novice OpMo
D:10 3 runed translucent doors, Seghaw's ghost, journeyman GrFi


Innate Abilities, Weirdness & Mutations

You are resistant to damage.
You can heal yourself by infusing magical energy.
You resist negative energy. (rN+)
You passively map the area around you.
You do not regenerate.


Message History

The anaconda bites you!
* * * LOW HITPOINT WARNING * * *
You block the naga mage's attack. The shock serpent bites you.
The shock serpent shocks you!
* * * LOW HITPOINT WARNING * * *
The anaconda bites you!
* * * LOW HITPOINT WARNING * * *
The anaconda constricts you. You block the mana viper's attack.
The shock serpent shoots out a bolt of lightning at you!
The bolt of electricity hits you!
* * * LOW HITPOINT WARNING * * *
The bolt of electricity hits the shock serpent.
The shock serpent completely resists.
The anaconda bites you but does no damage.
The naga sharpshooter casts a spell.
The naga sharpshooter magically shoots a bolt.
The bolt hits you!
* * * LOW HITPOINT WARNING * * *
The salamander hits you from afar with a +0 trident!
You die... ,, ,* ...#.#.#.#...* , #..#.......#..# * ** #.............# , ,, ...#.......#..# * ,, ,.......>...N..# , , ...#...NS..#N.# * #....NNSNSN...# * #.NSSSN.#

* * * *
#.S.#N#@#.#...#
......SSS.N...#*
...............*
.[.............,**
, , ***
............... *
, ......#####....,
,** ,, ../..#*
#... , , ,..... ,
, ..., , , , , * ,
*, , *


You could see a naga warrior, a nagaraja (fast), a naga sharpshooter, 2
salamanders, 2 anacondas, 2 shock serpents, 2 mana vipers, 3 black mambas, 3
naga magi and 2 nagas.

Vanquished Creatures
  Kirke (Lair:5)
  An iron dragon (shapeshifter) (D:13)
  3 orc warlords
  Azrael (D:13)
  6 dire elephants
  Snorg (Lair:5)
  Harold (D:8)
  A catoblepas (D:13)
  6 hydras
  A boulder beetle (D:15)
  4 two-headed ogres
  Erica (Orc:2)
  An anaconda (Lair:6)
  3 centaur warriors
  A death yak (D:12)
  5 tengu warriors
  2 orc high priests
  Urug (D:13)
  A harpy (shapeshifter) (D:13)
  A wizard (D:14)
  A mana viper (Snake:1)
  5 orc knights
  7 ugly things
  7 orc sorcerers
  4 manticores
  17 elephants
  A cyclops (D:15)
  A naga mage (D:15)
  4 torpor snails
  4 black mambas
  2 gargoyles
  10 cane toads
  Maggie (D:7)
  A demonic crawler (D:13)
  A rime drake (shapeshifter) (D:13)
  2 rime drakes
  A kobold demonologist (D:14)
  6 komodo dragons
  A tengu conjurer (D:14)
  6 trolls
  5 hornets
  A tyrant leech (D:13)
  11 slime creatures
  27 blink frogs
  A vampire (D:11)
  A wraith (D:15)
  57 yaks
  7 wyverns
  3 shadows
  6 basilisks
  Grum (Lair:1)
  2 fire elementals (D:13)
  3 hogs (Lair:5)
  6 vampire mosquitoes
  5 swamp worms (D:13)
  Menkaure (D:6)
  2 nagas (Lair:4)
  4 wargs
  2 acid dragons (D:12)
  14 water moccasins
  3 sky beasts
  An ice beast (D:9)
  47 orc warriors
  4 hell hounds (D:13)
  10 ogres
  A necrophage (D:12)
  2 black bears
  An eye of draining (D:11)
  3 phantoms
  11 wolves
  7 centaurs
  3 big kobolds
  25 bullfrogs
  A gnoll sergeant (D:10)
  2 troll zombies (D:10)
  A scorpion (D:13)
  9 wights
  2 electric eels
  4 howler monkeys
  3 bullfrog zombies
  3 quasits
  26 orc priests
  41 orc wizards
  6 hounds
  4 jellies
  4 bullfrog skeletons
  11 centaur skeletons
  An iguana (D:6)
  Terence (D:1)
  5 hell rats (Lair:5)
  13 worker ants
  A killer bee zombie (D:5)
  4 ogre zombies (D:10)
  A hound zombie (D:11)
  Robin (D:2)
  14 gnolls
  16 adders
  5 shadow imps
  3 ufetubi
  2 oozes
  2 adder skeletons
  3 worms
  3 dart slugs
  6 leopard geckos
  104 orcs
  3 ball pythons
  7 giant cockroaches
  17 goblins
  8 hobgoblins
  12 jackals
  7 quokkas
  8 bats
  4 frilled lizards
  2 goblin skeletons (D:10)
  A goblin zombie (D:10)
  A hobgoblin skeleton (D:10)
  A hobgoblin zombie (D:10)
  A jackal zombie (D:5)
  24 kobolds
  3 orc skeletons (D:10)
  10 orc zombies (D:10)
  A quokka skeleton (D:5)
  7 rats
820 creatures vanquished.

Vanquished Creatures (collateral kills)
  Jorgrun (Orc:1)
  A hydra (Lair:5)
  A shock serpent (Snake:1)
  A black mamba (Snake:1)
  A basilisk (Lair:5)
  A warg (Orc:1)
6 creatures vanquished.

Vanquished Creatures (others)
  An orc wizard (D:6)
  2 orcs
  2 bushes (Lair:6)
  23 fungi
  38 plants
66 creatures vanquished.

Grand Total: 892 creatures vanquished

Notes
Turn   | Place    | Note
-------+----------+-------------------------------------------
     0 | D:1      | grandjackal the Deep Dwarf Necromancer began the quest for
                  | the Orb.
     0 | D:1      | Reached XP level 1. HP: 15/15 MP: 3/3
   130 | D:1      | Found a broken altar of Ashenzari.
   361 | D:1      | Reached XP level 2. HP: 22/24 MP: 1/5
   851 | D:1      | Reached skill level 1 in Fighting
  1349 | D:2      | Noticed Terence
  1366 | D:1      | Killed Terence
  1366 | D:1      | Reached skill level 1 in Armour
  1366 | D:1      | Reached XP level 3. HP: 28/31 MP: 0/6
  1425 | D:1      | Learned a level 3 spell: Vampiric Draining
  1447 | D:2      | Reached skill level 5 in Necromancy
  1617 | D:2      | Reached XP level 4. HP: 32/39 MP: 7/7
  1920 | D:2      | Noticed Robin
  1946 | D:2      | Killed Robin
  2382 | D:3      | Found a runed translucent gate.
  2382 | D:3      | Found a runed translucent gate.
  2382 | D:3      | Found a runed translucent gate.
  2389 | D:3      | Noticed bronco's ghost (amateur BaHu)
  2446 | D:3      | Found a shadowy altar of Dithmenos.
  2614 | D:3      | Found a hide-covered altar of Uskayaw.
  2726 | D:3      | Reached XP level 5. HP: 37/45 MP: 8/8
  3132 | D:4      | Reached skill level 1 in Shields
  3196 | D:4      | Reached XP level 6. HP: 41/55 MP: 9/9
  3426 | D:4      | Found a basalt altar of Yredelemnul.
  4231 | D:4      | Learned a level 4 spell: Animate Dead
  4261 | D:5      | Entered Level 5 of the Dungeon
  4326 | D:5      | Reached XP level 7. HP: 18/62 MP: 8/10
  4435 | D:5      | Found a radiant altar of Vehumet.
  4469 | D:5      | HP: 2/62 [orc/+0 flail (4)]
  6241 | D:5      | Reached XP level 8. HP: 35/72 MP: 0/11
  6650 | D:6      | Noticed Menkaure
  6655 | D:6      | Killed Menkaure
  6655 | D:6      | Reached skill level 5 in Armour
  7245 | D:6      | Reached skill level 5 in Shields
  7254 | D:6      | Reached skill level 5 in Fighting
  7638 | D:6      | Found a runed translucent door.
  7638 | D:6      | Noticed sahdkjhfkaj's ghost (weakling SpEn)
  7677 | D:6      | Found a staircase to the Ecumenical Temple.
  7686 | Temple   | Entered the Ecumenical Temple
  7693 | Temple   | Became a worshipper of Makhleb the Destroyer
  8181 | D:7      | Noticed GoodGuyCap's ghost (novice OpMo)
  8182 | D:7      | Found a runed translucent gate.
  8182 | D:7      | Found a runed translucent gate.
  8182 | D:7      | Found a runed translucent gate.
  8221 | D:7      | Reached skill level 1 in Invocations
  8221 | D:7      | Gained mutation: You passively map the area around you.
                  | [Deep Dwarf growth]
  8221 | D:7      | Reached XP level 9. HP: 24/81 MP: 8/12
  8343 | D:7      | Noticed Maggie
  8453 | D:7      | HP: 2/81 [something (8)]
  8459 | D:7      | Killed Maggie
  8459 | D:7      | Reached skill level 1 in Axes
  9285 | D:8      | Found Basmeth's Weapon Boutique.
  9660 | D:8      | Noticed Harold
  9682 | D:8      | Killed Harold
  9768 | D:7      | Reached XP level 10. HP: 32/92 MP: 6/13
  9868 | D:7      | Reached skill level 5 in Invocations
 10072 | D:8      | Learned a level 5 spell: Agony
 10720 | D:8      | Found a blossoming altar of Fedhas.
 10720 | D:8      | Found a snail-covered altar of Cheibriados.
 11276 | D:9      | Found an ornate altar of the Wu Jian Council.
 11374 | D:9      | Reached * piety under Makhleb
 11531 | D:9      | Found a radiant altar of Vehumet.
 11534 | D:9      | Found an ancient bone altar of Kikubaaqudgha.
 11537 | D:9      | Found a stormy altar of Qazlal.
 11983 | D:9      | Found a burning altar of Makhleb.
 11983 | D:9      | Noticed a balrug
 12022 | D:9      | Identified a scroll of acquirement
 12058 | D:10     | Entered Level 10 of the Dungeon
 12158 | D:10     | Reached skill level 5 in Axes
 12177 | D:10     | Noticed a manticore
 12189 | D:10     | Killed a manticore
 12214 | D:10     | Noticed a gargoyle
 12226 | D:10     | Killed a gargoyle
 12228 | D:10     | Noticed a two-headed ogre
 12239 | D:10     | Killed a two-headed ogre
 12312 | D:10     | Found a staircase to the Orcish Mines.
 12312 | D:10     | Noticed an orc sorcerer
 12340 | D:10     | Killed an orc sorcerer
 12340 | D:10     | Reached ** piety under Makhleb
 12340 | D:10     | Reached skill level 10 in Necromancy
 12373 | D:10     | Reached XP level 11. HP: 85/100 MP: 16/16
 12566 | D:10     | Found a runed translucent gate.
 12570 | D:10     | Found a runed translucent gate.
 12571 | D:10     | Found a runed translucent gate.
 12572 | D:10     | Noticed a ten-headed hydra
 12572 | D:10     | Noticed a 12-headed hydra
 12573 | D:10     | Noticed Seghaw's ghost (journeyman GrFi)
 13495 | D:11     | Noticed a seven-headed hydra
 13505 | D:11     | Killed a seven-headed hydra
 13563 | D:11     | Found a staircase to the Lair.
 13563 | D:11     | Noticed a death yak
 13617 | D:12     | Killed a death yak
 13617 | D:12     | Reached *** piety under Makhleb
 14109 | D:11     | Found Maruo's Antique Armour Emporium.
 14299 | D:11     | Noticed a centaur warrior
 14314 | D:11     | Killed a centaur warrior
 14537 | D:12     | Reached **** piety under Makhleb
 14589 | D:12     | Noticed a two-headed ogre
 14600 | D:12     | Killed a two-headed ogre
 14600 | D:12     | Reached XP level 12. HP: 112/112 MP: 12/17
 14638 | D:12     | Identified the Guide on Stones and Flames
 15120 | Orc:1    | Entered Level 1 of the Orcish Mines
 15120 | Orc:1    | Found Meriegax's Antique Weapon Emporium.
 15171 | Orc:1    | Noticed Jorgrun
 15204 | Orc:1    | Killed Jorgrun
 15310 | Orc:1    | Bought a glowing broad axe for 182 gold pieces
 15399 | Orc:2    | Entered Level 2 of the Orcish Mines
 15417 | Orc:1    | Reached skill level 10 in Shields
 15456 | Orc:1    | Noticed Erica
 15480 | Orc:2    | Killed Erica
 15480 | Orc:2    | Reached skill level 10 in Invocations
 15675 | Orc:2    | Noticed a two-headed ogre
 15691 | Orc:2    | Killed a two-headed ogre
 15857 | Orc:1    | Noticed an orc high priest
 15944 | Orc:2    | Reached ***** piety under Makhleb
 15993 | Orc:2    | Killed an orc high priest
 16370 | Orc:2    | Found a roughly hewn altar of Beogh.
 16395 | Orc:2    | Found Xunkil's Magic Scroll Shop.
 16407 | Orc:2    | Bought a scroll of vulnerability for 105 gold pieces
 16407 | Orc:2    | Bought a scroll of amnesia for 49 gold pieces
 16407 | Orc:2    | Bought a scroll of noise for 14 gold pieces
 16407 | Orc:2    | Bought a scroll of fog for 28 gold pieces
 16407 | Orc:2    | Bought a scroll of teleportation for 42 gold pieces
 16407 | Orc:2    | Bought a scroll of teleportation for 42 gold pieces
 16435 | Orc:2    | Found a roughly hewn altar of Beogh.
 16502 | Orc:2    | Found a staircase to the Elven Halls.
 16595 | Orc:2    | Noticed an orc warlord
 16624 | Orc:2    | Killed an orc warlord
 16902 | Orc:2    | Noticed an orc warlord
 16903 | Orc:2    | Reached XP level 13. HP: 121/121 MP: 15/19
 16918 | Orc:2    | Killed an orc warlord
 16966 | Orc:2    | Found Hedy's Antique Weapon Shoppe.
 16967 | Orc:2    | Found a roughly hewn altar of Beogh.
 16972 | Orc:2    | Found Etau's Antique Armour Emporium.
 16997 | Orc:2    | Bought a twisted helmet for 190 gold pieces
 16997 | Orc:2    | Bought an embroidered cloak for 150 gold pieces
 16997 | Orc:2    | Bought a pair of glowing boots for 150 gold pieces
 17018 | Orc:2    | Identified the +2 helmet of a Billion Continents {+Fly rC+
                  | Str-2 Stlth+} (You bought it in a shop on level 2 of the
                  | Orcish Mines)
 17075 | Orc:2    | Found Walot's Weapon Shoppe.
 17133 | Orc:2    | Found a roughly hewn altar of Beogh.
 17199 | Orc:2    | Found a roughly hewn altar of Beogh.
 17290 | Orc:2    | Found a roughly hewn altar of Beogh.
 17402 | Orc:2    | Found a roughly hewn altar of Beogh.
 17403 | Orc:2    | Found Case's Assorted Antiques.
 17494 | Orc:2    | Bought a scroll labeled SYORIWESKY for 24 gold pieces
 17494 | Orc:2    | Bought a scroll of blinking for 180 gold pieces
 17587 | Lair:1   | Entered Level 1 of the Lair of Beasts
 17789 | Lair:1   | Noticed Grum
 17832 | Lair:1   | Reached skill level 10 in Fighting
 17908 | Lair:1   | Reached skill level 10 in Axes
 18073 | Lair:1   | Killed Grum
 18223 | Lair:1   | Reached ****** piety under Makhleb
 20043 | Lair:3   | Found a staircase to the Swamp.
 20152 | Lair:3   | Gained mutation: You resist negative energy. (rN+) [Deep
                  | Dwarf growth]
 20152 | Lair:3   | Reached XP level 14. HP: 133/133 MP: 21/21
 20156 | Lair:3   | Acquired the ring "New Giuf" {rC+ MR+ SInv Stlth+}
 20887 | Lair:4   | Found a staircase to the Snake Pit.
 21486 | Lair:5   | Noticed Kirke
 21656 | Lair:5   | Killed Kirke
 22079 | Lair:5   | Noticed Snorg
 22084 | Lair:5   | Killed Snorg
 22296 | Lair:6   | Entered Level 6 of the Lair of Beasts
 22421 | Lair:6   | Got a sparkling lead ring
 22430 | Lair:6   | Identified the ring "Kirphit" {Fire Int+3 Stlth+} (You
                  | found it on level 6 of the Lair of Beasts)
 22498 | Lair:6   | Found a snail-covered altar of Cheibriados.
 22756 | Lair:6   | Found a staircase to the Slime Pits.
 24235 | D:13     | Found a gate to the Vaults.
 24262 | D:13     | Noticed an iron dragon
 24262 | D:13     | an alligator snapping turtle changed into an iron dragon
 24263 | D:13     | Killed an iron dragon
 24459 | D:13     | Reached XP level 15. HP: 99/142 MP: 23/23
 24492 | D:13     | Noticed Azrael
 24509 | D:13     | Killed Azrael
 24717 | D:13     | Noticed Urug
 24723 | D:13     | Killed Urug
 24995 | D:14     | Found Letuas's Book Shoppe.
 25082 | D:14     | Noticed an orc warlord
 25521 | D:14     | Found a roughly hewn altar of Beogh.
 25704 | D:14     | Killed an orc warlord
 25909 | D:15     | Entered Level 15 of the Dungeon
 26090 | D:15     | Found a staircase to the Depths.
 26360 | D:15     | Got an ancient kite shield
 26371 | D:15     | Identified the cursed +0 kite shield "Rocouv" {rC- MR++
                  | MP+9 Str-3} (You found it on level 15 of the Dungeon)
 26480 | D:15     | Found a white marble altar of Elyvilon.
 26923 | Snake:1  | Entered Level 1 of the Snake Pit
 26923 | Snake:1  | Noticed a nagaraja
 26932 | Snake:1  | Slain by a salamander

Illustrated notes

Levels and vault maps discovered:
D:1:      lemuel_arrival_tunnels, layout_basic, serial_glass, glass_columns_a,
          glass_columns_a, feat_on_display, feat_on_display,
          due_unseen_surprise, hangedman_decor_growths, evilmike_ruin_ashenzari
D:2:      minmay_spotlight, layout_rooms, uniq_terence, uniq_robin
D:3:      layout_basic, lemuel_coloured_pillars_altar,
          nicolae_overflow_crystal_walls, gammafunk_ghost_split
D:4:      minmay_bubble_buster, layout_basic, lemuel_crystal_altar
D:5:      layout_layer_cave, vehumet_altar_wand_db
D:6:      layout_basic, minmay_temple_entry_junction_2, gammafunk_ghost_grave,
          uniq_menkaure
D:7:      layout_basic, gammafunk_ghost_split, uniq_maggie
D:8:      layout_cave_pools, amethyst_overflow_temple_binary, serial_shops,
          nicolae_shop_waterfront, chequers_serial_rivers_small_a,
          minmay_liquid_box, item_on_display_a, uniq_harold
D:9:      layout_stronghold, old_standard_altar, grunt_temple_overflow_diamond,
          makhleb_altar_promises_db
D:10:     layout_cave_pools, zombieorc1_lemuel, gammafunk_ghost_hydra_chop
D:11:     layout_basic, david_lair_generic, serial_shops,
          nicolae_shop_statue_plus, minmay_statues_item
D:12:     layout_irregular_city
D:13:     layout_cave_pods, david_vaults_2, worms_lemuel, uniq_urug, uniq_azrael
D:14:     orc_temple, layout_basic, serial_shops, kennysheep_mini_moat
D:15:     hangedman_depths_entry_try_elsewhere_first, layout_loops_ring,
          elyvilon_altar_1
Temple:   cyrus_circular_temple
Lair:1:   layout_big_grid, serial_bayou_pond_b, serial_bayou_pond_d, uniq_grum
Lair:2:   layout_regular_city, serial_bayou_shore_a
Lair:3:   layout_chaotic_city, minmay_swamp_entry_worms,
          infiniplex_staircase_pool_2
Lair:4:   layout_cave_pods, guppyfry_snake_entry_island, grunt_megastairs_5,
          lemuel_fruit_fields, lemuel_fruit_tree
Lair:5:   layout_roguey, grunt_megastairs_4, uniq_snorg, uniq_kirke
Lair:6:   due_jungle_book, layout_long_grid, minmay_slime_entry_oklob_enclosed,
          kennysheep_snail_temple, infiniplex_staircase_pool
Snake:1:  layout_gridlike, serial_shops, shop, evilmike_ambush
          [evilmike_ambush_outer_pillars, evilmike_ambush_inner_wall_1],
          grunt_megastairs_2, uniq_aizul, uniq_roxanne
Orc:1:    layout_caves, serial_shops, shop, uniq_jorgrun, uniq_erica
Orc:2:    grunt_orc_community_town_hall, layout_caves,
          grunt_orc_community_big_house_1, grunt_orc_community_big_house_1,
          grunt_orc_community_house_1, grunt_orc_community_house_3,
          grunt_orc_community_house_3, grunt_orc_community_house_3,
          grunt_orc_community_house_1, serial_shops, shop

Skill      XL: |  1  2  3  4  5  6  7  8  9 10 11 12 13 14 15 |
---------------+----------------------------------------------+-----
Spellcasting   | 2 |  2.0
Fighting       | 1 2 3 4 5 6 7 8 9 10 11 12 | 12.1
Armour         | 1 2 3 4 6 |  6.2
Necromancy     | 5 6 7 9 10 11 12 13 14 | 14.6
Shields        | 1 2 3 5 6 8 9 10 11 13 | 13.7
Invocations    | 1 4 7 9 11 12 13 14 | 14.8
Axes           | 3 5 7 9 10 11 12 | 12.7
Dodging        | |  2.1
Stealth        | |  2.4

Action                   |  1- 3 |  4- 6 |  7- 9 | 10-12 | 13-15 || total
-------------------------+-------+-------+-------+-------+-------++-------
Melee: Unarmed           |    24 |       |       |       |       ||    24
       Dagger            |     2 |   141 |   267 |       |       ||   410
       War axe           |       |       |    14 |       |       ||    14
       Lance             |       |       |    46 |   876 |   360 ||  1282
       Broad axe         |       |       |       |       |   954 ||   954
 Cast: Pain              |    59 |    26 |    20 |    25 |     3 ||   133
       Vampiric Draining |       |    21 |    87 |   201 |   105 ||   414
Invok: Major Destruction |       |       |       |     4 |       ||     4
       Lesser Servant of |       |       |       |     2 |       ||     2
       Greater Servant o |       |       |       |     1 |     2 ||     3
 Abil: Heal Wounds       |       |       |       |     2 |     3 ||     5
Evoke: Wand              |       |       |     5 |    10 |     6 ||    21
       Phantom mirror    |       |       |       |     1 |     1 ||     2
  Use: Potion            |       |       |     6 |     1 |     3 ||    10
       Scroll            |       |       |     3 |    18 |    22 ||    43
 Stab: Sleeping          |       |     5 |     4 |       |     3 ||    12
       Distracted        |       |     1 |       |       |     2 ||     3
       Invisible         |       |       |       |       |     4 ||     4
Armor: Robe              |     8 |    26 |   135 |       |       ||   169
       Skin              |       |       |   131 |       |       ||   131
       Scale mail        |       |       |    61 |   385 |   255 ||   701
       Chain mail        |       |       |       |       |   525 ||   525
Dodge: Dodged            |    18 |    90 |   368 |   341 |   437 ||  1254
Block: Kite shield       |       |       |       |   370 |   935 ||  1305

Table legend: (Time is in decaauts)
 A = Elapsed time spent in this place.
 B = Non-inter-level travel time spent in this place.
 C = Inter-level travel time spent in this place.
 D = Time resting spent in this place.
 E = Time spent auto-exploring this place.
 F = Levels seen in this place.
 G = Mean time per level.
                   A        B        C        D        E       F      G
               +--------+--------+--------+--------+--------+-----+--------+
         Total |  26995 |  25468 |   1527 |   5877 |  12983 |  25 | 1079.8 |
       Dungeon |  18099 |  17023 |   1076 |   4805 |   8191 |  15 | 1206.6 |
        Temple |     14 |     14 |      0 |      0 |      0 |   1 |   14.0 |
          Lair |   6505 |   6112 |    393 |    684 |   3922 |   6 | 1084.2 |
     Snake Pit |      8 |      8 |      0 |      0 |      0 |   1 |    8.0 |
  Orcish Mines |   2366 |   2310 |     56 |    388 |    870 |   2 | 1183.0 |
               +--------+--------+--------+--------+--------+-----+--------+

Top non-repeatable levels by time:
     D:4: 2033 daAuts
     D:5: 2016 daAuts
     D:7: 1975 daAuts
   Orc:2: 1805 daAuts
  Lair:6: 1636 daAuts
     D:1: 1521 daAuts
    D:11: 1235 daAuts
  Lair:1: 1170 daAuts
     D:6: 1118 daAuts
    D:13: 1038 daAuts
  Lair:2: 994 daAuts
    D:12: 981 daAuts
    D:10: 945 daAuts
     D:9: 940 daAuts
  Lair:5: 927 daAuts
